TOP OF THE 1ST |
---|
Rutgers Scarlet Knights batting - Pitching for Oklahoma State Cowboys : RHP Mike Williams | Pitching: RHP Mike Williams | | Batting: SHB Pat Brock | 0-0: DOUBLE (Line Drive, 7LM) | Batting: LHB Dennis Montgomery | 0-0: Ball 1-0: Ball 2-0: Ball 3-0: Called Strike 3-1: SINGLE (Groundball, 34D) Pat Brock to third Runner from 3rd tries for Home, SAFE, throw made home | Batting: RHB Howard Battle | 0-0: Foul Ball, location: 2F 0-1: Called Strike 0-2: Grounds into double play, 6-4-3 (Groundball, 6) | Batting: RHB Harry Wilkins | 0-0: Called Strike 0-1: Ball 1-1: Foul Ball, location: 2F 1-2: Strikes out looking | Top of the 1st over - 1 run, 2 hits, 0 errors, 0 left on base; Rutgers 1 - Oklahoma State 0 | BOTTOM OF THE 1ST |
---|
Oklahoma State Cowboys batting - Pitching for Rutgers Scarlet Knights : RHP Robin Richmond | Pitching: RHP Robin Richmond | | Batting: RHB Derrek Lane | 0-0: Ball 1-0: SINGLE (Groundball, 6MS) (infield hit) | Batting: RHB Eddie Fisher | 0-0: Foul Ball, location: 2F 0-1: Fielders Choice at 2nd, 5-4 (Groundball, 5) | Batting: SHB Jacob Lachance | 0-0: Swinging Strike 0-1: Foul Ball, location: 2F 0-2: Strikes out looking | Batting: SHB Steve Miner | 0-0: Swinging Strike 0-1: Fly out, F9 (Flyball, 9S) | Bottom of the 1st over - 0 runs, 1 hit, 0 errors, 1 left on base; Rutgers 1 - Oklahoma State 0 | TOP OF THE 2ND |
---|
Rutgers Scarlet Knights batting - Pitching for Oklahoma State Cowboys : RHP Mike Williams | Batting: RHB Randy Guthrie | 0-0: Ball 1-0: Fly out, F9 (Flyball, 9) | Batting: RHB Joseph McCarteney | 0-0: Ball 1-0: Ball 2-0: Ball 3-0: Base on Balls | Batting: LHB Andre Montgomery | 0-0: Called Strike 0-1: Foul Ball, location: 2F 0-2: Ball 1-2: Foul Ball, location: 2F 1-2: Ball 2-2: Strikes out swinging | Batting: RHB Norm Gunn | 0-0: Ball Joseph McCarteney steals 2nd base 1-0: Called Strike 1-1: Ball 2-1: Ground out 5-3 (Groundball, 56) | Top of the 2nd over - 0 runs, 0 hits, 0 errors, 1 left on base; Rutgers 1 - Oklahoma State 0 | BOTTOM OF THE 2ND |
---|
Oklahoma State Cowboys batting - Pitching for Rutgers Scarlet Knights : RHP Robin Richmond | Batting: SHB Ernest Hood | 0-0: Ball 1-0: Fly out, F4 (Line Drive, 4M) | Batting: RHB Dennis Ingram | 0-0: Foul Ball, location: 2F 0-1: Ball 1-1: Fly out, F9 (Flyball, 9) | Batting: RHB Ricardo Toledo | 0-0: Called Strike 0-1: Foul Ball, location: 2F 0-2: Strikes out swinging | Bottom of the 2nd over - 0 runs, 0 hits, 0 errors, 0 left on base; Rutgers 1 - Oklahoma State 0 | TOP OF THE 3RD |
---|
Rutgers Scarlet Knights batting - Pitching for Oklahoma State Cowboys : RHP Mike Williams | Batting: RHB Michael Gibson | 0-0: Foul Ball, location: 2F 0-1: Ball 1-1: Ground out 4-3 (Groundball, 4) | Batting: SHB Pat Brock | 0-0: Ball 1-0: Ball 2-0: Called Strike 2-1: Called Strike 2-2: Foul Ball, location: 2F 2-2: Foul Ball, location: 2F 2-2: Foul Ball, location: 2F 2-2: Strikes out looking | Batting: LHB Dennis Montgomery | 0-0: Swinging Strike 0-1: Ball 1-1: Foul Ball, location: 2F 1-2: Strikes out swinging | Top of the 3rd over - 0 runs, 0 hits, 0 errors, 0 left on base; Rutgers 1 - Oklahoma State 0 | BOTTOM OF THE 3RD |
---|
Oklahoma State Cowboys batting - Pitching for Rutgers Scarlet Knights : RHP Robin Richmond | Batting: RHB Tony Swanson | 0-0: Bunted foul 0-1: Ball 1-1: SINGLE (Flyball, 78S) | Batting: RHB Stephen Olvera | 0-0: Foul Ball, location: 2F 0-1: Swinging Strike 0-2: Ball 1-2: Strikes out swinging | Batting: RHB Derrek Lane | 0-0: Ball 1-0: Called Strike 1-1: Ball 2-1: Called Strike 2-2: Foul Ball, location: 2F 2-2: Strikes out swinging | Batting: RHB Eddie Fisher | 0-0: SINGLE (Groundball, 34) (infield hit) Tony Swanson to second | Batting: SHB Jacob Lachance | 0-0: Called Strike 0-1: Ball 1-1: Foul Ball, location: 2F 1-2: Fly out, F8 (Flyball, 8LD) | Bottom of the 3rd over - 0 runs, 2 hits, 0 errors, 2 left on base; Rutgers 1 - Oklahoma State 0 | TOP OF THE 4TH |
---|
Rutgers Scarlet Knights batting - Pitching for Oklahoma State Cowboys : RHP Mike Williams | Batting: RHB Howard Battle | 0-0: Foul Ball, location: 2F 0-1: Swinging Strike 0-2: Ground out 6-3 (Groundball, 6) | Batting: RHB Harry Wilkins | 0-0: Ball 1-0: Called Strike 1-1: SOLO HOME RUN (Flyball, 78XD), Distance : 374 ft | Batting: RHB Randy Guthrie | 0-0: Ball 1-0: Called Strike 1-1: Ball 2-1: SOLO HOME RUN (Flyball, 7D), Distance : 361 ft | Batting: RHB Joseph McCarteney | 0-0: Ball 1-0: Ball 2-0: Called Strike 2-1: SINGLE (Line Drive, 6D) | Batting: LHB Andre Montgomery | 0-0: Foul Ball, location: 2F 0-1: Foul Ball, location: 2F 0-2: Strikes out swinging | Batting: RHB Norm Gunn | 0-0: Called Strike 0-1: Called Strike 0-2: Ball 1-2: Strikes out swinging | Top of the 4th over - 2 runs, 3 hits, 0 errors, 1 left on base; Rutgers 3 - Oklahoma State 0 | BOTTOM OF THE 4TH |
---|
Oklahoma State Cowboys batting - Pitching for Rutgers Scarlet Knights : RHP Robin Richmond | Batting: SHB Steve Miner | 0-0: Ball 1-0: Called Strike 1-1: Ball 2-1: Swinging Strike 2-2: Ball 3-2: Foul Ball, location: 2F 3-2: Fly out, F8 (Flyball, 89D) | Batting: SHB Ernest Hood | 0-0: Ball 1-0: Ball 2-0: Fly out, F7 (Flyball, 7S) | Batting: RHB Dennis Ingram | 0-0: Called Strike 0-1: Ball 1-1: Foul Ball, location: 2F 1-2: Single, Error in OF, E8, batter to second base | Batting: RHB Ricardo Toledo | 0-0: Ball 1-0: Ball 2-0: Ground out 6-3 (Groundball, 6) | Bottom of the 4th over - 0 runs, 1 hit, 1 error, 1 left on base; Rutgers 3 - Oklahoma State 0 | TOP OF THE 5TH |
---|
Rutgers Scarlet Knights batting - Pitching for Oklahoma State Cowboys : RHP Mike Williams | Batting: RHB Michael Gibson | 0-0: Called Strike 0-1: Ball 1-1: Ball 2-1: Called Strike 2-2: Ball 3-2: Fly out, F7 (Flyball, 78S) | Batting: SHB Pat Brock | 0-0: Ball 1-0: Ball 2-0: Foul Ball, location: 2F 2-1: SINGLE (Groundball, 4MD) | Batting: LHB Dennis Montgomery | 0-0: Ball Pat Brock steals 2nd base 1-0: DOUBLE (Flyball, 7D) Pat Brock scores | Batting: RHB Howard Battle | 0-0: Called Strike 0-1: Ball 1-1: Foul Ball, location: 2F 1-2: Foul Ball, location: 2F 1-2: Foul Ball, location: 2F 1-2: Fly out, F7 (Flyball, 7) | Pitching: RHP Ryan Park | | Batting: RHB Harry Wilkins | 0-0: Ball 1-0: DOUBLE (Line Drive, 89D) Dennis Montgomery scores | Batting: RHB Randy Guthrie | 0-0: SINGLE (Flyball, 9S) Harry Wilkins to third | Batting: RHB Joseph McCarteney | 0-0: Called Strike 0-1: Ball 1-1: Swinging Strike 1-2: Foul Ball, location: 2F 1-2: Ball 2-2: Ball 3-2: Base on Balls Randy Guthrie to second | Batting: LHB Andre Montgomery | 0-0: Called Strike 0-1: Foul Ball, location: 2F 0-2: Ball 1-2: Ground out 1-3 (Groundball, 13S) | Top of the 5th over - 2 runs, 4 hits, 0 errors, 3 left on base; Rutgers 5 - Oklahoma State 0 | BOTTOM OF THE 5TH |
---|
Oklahoma State Cowboys batting - Pitching for Rutgers Scarlet Knights : RHP Robin Richmond | Batting: RHB Tony Swanson | 0-0: Called Strike 0-1: Ground out 4-3 (Groundball, 4S) | Batting: RHB Stephen Olvera | 0-0: Ball 1-0: Ground out U3 (Groundball, 34S) | Batting: RHB Derrek Lane | 0-0: SINGLE (Groundball, 6MD) | Batting: RHB Eddie Fisher | 0-0: Ball 1-0: Foul Ball, location: 2F 1-1: Called Strike 1-2: Ball 2-2: Foul Ball, location: 2F 2-2: Strikes out looking | Bottom of the 5th over - 0 runs, 1 hit, 0 errors, 1 left on base; Rutgers 5 - Oklahoma State 0 | TOP OF THE 6TH |
---|
Rutgers Scarlet Knights batting - Pitching for Oklahoma State Cowboys : RHP Ryan Park | Batting: RHB Norm Gunn | 0-0: Ball 1-0: Fly out, F4 (Popup, 4MS) | Batting: RHB Michael Gibson | 0-0: Ball 1-0: Called Strike 1-1: Fly out, F8 (Line Drive, 8RM) | Batting: SHB Pat Brock | 0-0: Foul Ball, location: 2F 0-1: Ball 1-1: SINGLE (Line Drive, 6MD) | Batting: LHB Dennis Montgomery | 0-0: Foul Ball, location: 2F 0-1: Ball 1-1: Ground out 1-3 (Groundball, 13) | Top of the 6th over - 0 runs, 1 hit, 0 errors, 1 left on base; Rutgers 5 - Oklahoma State 0 | BOTTOM OF THE 6TH |
---|
Oklahoma State Cowboys batting - Pitching for Rutgers Scarlet Knights : RHP Robin Richmond | Batting: SHB Jacob Lachance | 0-0: Ball 1-0: Swinging Strike 1-1: Foul Ball, location: 2F 1-2: Foul Ball, location: 2F 1-2: Ball 2-2: Strikes out swinging | Batting: SHB Steve Miner | 0-0: Called Strike 0-1: Ball 1-1: Ground out 3-1 (Groundball, 34) | Batting: SHB Ernest Hood | 0-0: Ball 1-0: Foul Ball, location: 2F 1-1: Fly out, F9 (Flyball, 89D) | Bottom of the 6th over - 0 runs, 0 hits, 0 errors, 0 left on base; Rutgers 5 - Oklahoma State 0 | TOP OF THE 7TH |
---|
Rutgers Scarlet Knights batting - Pitching for Oklahoma State Cowboys : RHP Ryan Park | Batting: RHB Howard Battle | 0-0: Foul Ball, location: 2F 0-1: Ball 1-1: Foul Ball, location: 2F 1-2: Ball 2-2: Foul Ball, location: 2F 2-2: Ball 3-2: Strikes out swinging | Batting: RHB Harry Wilkins | 0-0: Ball 1-0: DOUBLE (Line Drive, 78D) | Batting: RHB Randy Guthrie | 0-0: Ball 1-0: Foul Ball, location: 2F 1-1: Called Strike 1-2: Ball 2-2: Ball 3-2: Foul Ball, location: 2F 3-2: Ground out U3 (Groundball, 34) Harry Wilkins to third | Batting: RHB Joseph McCarteney | 0-0: SINGLE (Groundball, 5D) Harry Wilkins scores | Batting: LHB Andre Montgomery | 0-0: Ball 1-0: Ball 2-0: Swinging Strike 2-1: Foul Ball, location: 2F 2-2: Foul Ball, location: 2F 2-2: Reached on error, E5 (Groundball, 56) Joseph McCarteney to second | Batting: RHB Norm Gunn | 0-0: Ball 1-0: Ball Balk! Joseph McCarteney to third Andre Montgomery to second 2-0: Foul Ball, location: 2F 2-1: Ground out 6-3 (Groundball, 6) | Top of the 7th over - 1 run, 2 hits, 1 error, 2 left on base; Rutgers 6 - Oklahoma State 0 | BOTTOM OF THE 7TH |
---|
Oklahoma State Cowboys batting - Pitching for Rutgers Scarlet Knights : RHP Robin Richmond | Batting: RHB Dennis Ingram | 0-0: Fly out, F7 (Flyball, 7S) | Batting: RHB Ricardo Toledo | 0-0: Called Strike 0-1: Called Strike 0-2: Strikes out swinging | Batting: RHB Tony Swanson | 0-0: Called Strike 0-1: Ball 1-1: Called Strike 1-2: Strikes out swinging | Bottom of the 7th over - 0 runs, 0 hits, 0 errors, 0 left on base; Rutgers 6 - Oklahoma State 0 | TOP OF THE 8TH |
---|
Rutgers Scarlet Knights batting - Pitching for Oklahoma State Cowboys : RHP Ryan Park | Batting: RHB Michael Gibson | 0-0: Called Strike 0-1: Called Strike 0-2: DOUBLE (Line Drive, 7LM) | Batting: SHB Pat Brock | 0-0: Ball 1-0: Ball 2-0: Ball 3-0: Base on Balls | Pitching: RHP Dan Cook | | Batting: LHB Dennis Montgomery | 0-0: Called Strike 0-1: Swinging Strike 0-2: Ball 1-2: Foul Ball, location: 2F 1-2: Strikes out looking | Pitching: RHP Keith Crabtree | | Batting: RHB Howard Battle | 0-0: Ball 1-0: Ball 2-0: Called Strike 2-1: Ball 3-1: Swinging Strike 3-2: Strikes out looking | Batting: RHB Harry Wilkins | 0-0: Fly out, F8 (Flyball, 89M) | Top of the 8th over - 0 runs, 1 hit, 0 errors, 2 left on base; Rutgers 6 - Oklahoma State 0 | BOTTOM OF THE 8TH |
---|
Oklahoma State Cowboys batting - Pitching for Rutgers Scarlet Knights : RHP Robin Richmond | Pitching: RHP Paul Rodríguez | | Batting: RHB Stephen Olvera | 0-0: Called Strike 0-1: SINGLE (Groundball, 56D) | Batting: RHB Derrek Lane | 0-0: Foul Ball, location: 2F 0-1: Swinging Strike 0-2: Foul Ball, location: 2F 0-2: Fly out, F8 (Flyball, 8LS) | Batting: RHB Eddie Fisher | 0-0: Foul Ball, location: 2F 0-1: Foul Ball, location: 2F 0-2: Strikes out swinging | Batting: SHB Jacob Lachance | 0-0: Ball 1-0: Fly out, F8 (Flyball, 8RD) | Bottom of the 8th over - 0 runs, 1 hit, 0 errors, 1 left on base; Rutgers 6 - Oklahoma State 0 | TOP OF THE 9TH |
---|
Rutgers Scarlet Knights batting - Pitching for Oklahoma State Cowboys : RHP Keith Crabtree | Batting: RHB Randy Guthrie | 0-0: Ball 1-0: Ground out 6-3 (Groundball, 6) | Batting: RHB Joseph McCarteney | 0-0: Called Strike 0-1: Fly out, F9 (Flyball, 9) | Batting: LHB Andre Montgomery | 0-0: Called Strike 0-1: Swinging Strike 0-2: Ball 1-2: Foul Ball, location: 2F 1-2: Ball 2-2: Strikes out swinging | Top of the 9th over - 0 runs, 0 hits, 0 errors, 0 left on base; Rutgers 6 - Oklahoma State 0 | BOTTOM OF THE 9TH |
---|
Oklahoma State Cowboys batting - Pitching for Rutgers Scarlet Knights : RHP Paul Rodríguez | Batting: SHB Steve Miner | 0-0: Ball 1-0: Ball 2-0: Ball 3-0: Called Strike 3-1: Swinging Strike 3-2: Foul Ball, location: 2F 3-2: Base on Balls | Batting: SHB Ernest Hood | 0-0: Ball Wild Pitch! Steve Miner to second 1-0: Ball 2-0: Fly out, F8 (Flyball, 8RM) | Batting: RHB Dennis Ingram | 0-0: Called Strike 0-1: Swinging Strike 0-2: Ball 1-2: Ball 2-2: Foul Ball, location: 2F 2-2: Fly out, F9 (Line Drive, 9) | Batting: RHB Ricardo Toledo | 0-0: Called Strike 0-1: Ball 1-1: 2-RUN HOME RUN (Flyball, 7LD), Distance : 318 ft | Pitching: RHP Tim Jackson | | Batting: RHB Tony Swanson | 0-0: Ball 1-0: Called Strike 1-1: Ground out U3 (Groundball, 34) | Bottom of the 9th over - 2 runs, 1 hit, 0 errors, 0 left on base; Rutgers 6 - Oklahoma State 2 | |